AoeStats
← Augustus Bombastus von Hohenheim

Arabia

510059471Analyzed
3v3 RM · 4d ago on Sep 29, 2026· 28m 43s· 6 players
Game mode
Random Map
Map size
Normal (6 player)
Population
200
Speed
Normal
Resources
Standard
Victory
Conquest
Starting age
Dark Age
Ending age
Imperial Age
RankedLock teamsTeams togetherTeam positionsShared explorationLock speedFull tech treeHidden civsTurbo modeCheats
Victory
Defeat
1717
+12
🇧🇩 Spanish · Bangladesh
1702
+13
🇨🇦 Burmese · Canada
1681
+14
🇹🇼 Armenians · Taiwan
1671
-14
🇹🇼 Khmer · Taiwan
1652
-14
🇨🇿 Koreans · Czechia
1572
-11
Kontraman666
5:58 Loom
10:13 Feudal Age
10:43 Double-Bit Axe
17:29 Town Watch
17:45 Fletching
23:49 Castle Age
22:27 Gold Mining
24:41 Bodkin Arrow
我最爛別快攻我
5:29 Loom
8:44 Feudal Age
10:02 Double-Bit Axe
12:42 Fletching
18:55 Wheelbarrow
22:44 Castle Age
20:29 Horse Collar
21:51 Gold Mining
23:17 Padded Archer Armor
22:46 Crossbowman
23:22 Bodkin Arrow
23:52 Bow Saw
25:24 Town Watch
26:17 Ballistics
P0rr1dg3
6:14 Loom
8:50 Feudal Age
9:22 Double-Bit Axe
15:18 Wheelbarrow
22:12 Castle Age
21:28 Scale Barding Armor
21:34 Forging
21:52 Bloodlines
21:56 Gold Mining
22:32 Horse Collar
22:56 Husbandry
24:14 Chain Barding Armor
ThreeEyedRaven
7:52 Loom
10:21 Feudal Age
17:50 Castle Age
16:09 Double-Bit Axe
16:20 Horse Collar
18:03 Padded Archer Armor
18:20 Gold Mining
21:23 Husbandry
25:35 Bloodlines
29:02 Wheelbarrow
Augustus Bombastus von Hohenheim
5:08 Loom
9:10 Feudal Age
10:34 Man-at-Arms
12:58 Town Watch
14:45 Fletching
19:44 Wheelbarrow
22:42 Castle Age
20:56 Horse Collar
21:23 Double-Bit Axe
22:30 Padded Archer Armor
23:19 Bodkin Arrow
22:45 Elite Skirmisher
24:43 Leather Archer Armor
24:39 Bow Saw
28:30 Ballistics
28:56 Hand Cart
TomRiddle
6:10 Loom
8:43 Feudal Age
15:39 Scale Barding Armor
16:29 Bloodlines
17:21 Forging
19:42 Wheelbarrow
23:01 Castle Age
21:13 Horse Collar
21:33 Gold Mining
24:11 Husbandry
24:33 Chain Barding Armor
24:48 Heavy Plow
26:43 Hand Cart
28:47 Iron Casting
Connection lost

Rejoining the realm…

Still unreachable

The connection could not be restored.

Session expired

The server has moved on; the page needs a fresh start.